 Dungeon Crawl Stone Soup version 0.28.0-53-g5a82cb258f (webtiles) character file.

Game seed: 17721799317981264631

179 jjjjhere the Ogre Mage (level 5, 0/81 HPs)
             Began as an Ogre Fire Elementalist on Nov 9, 2022.
             Succumbed to a scorpion's poison
             ... on level 3 of the Dungeon.
             The game lasted 00:06:06 (3820 turns).

jjjjhere the Ogre Mage (Ogre Fire Elementalist)     Turns: 3820, Time: 00:06:06

Health: 0/81       AC: 14    Str: 12    XL:     5   Next: 59%
Magic:  7/11       EV:  9    Int: 18    God:
Gold:   191        SH:  0    Dex:  9    Spells: 5/12 levels left

rFire   . . .      SeeInvis .   b - +0 dagger (protect)
rCold   . . .      Faith    .   (no shield)
rNeg    . . .      Spirit   .   a - +0 robe
rPois   .          Reflect  .   (helmet restricted)
rElec   .          Harm     .   (no cloak)
rCorr   .          Rampage  .   (gloves unavailable)
Will    .....                   (boots unavailable)
Stlth   ..........              d - amulet of the acrobat
HPRegen 0.23/turn               j - +4 ring of protection
MPRegen 0.12/turn               (no ring)

@: berserking (expiring), lethally poisoned (0 -> -3), under a protective aura,
very quick
A: large, unfitting armour, tough skin 1
a: no special abilities


You were on level 3 of the Dungeon.
You visited 1 branch of the dungeon, and saw 4 of its levels.

You collected 191 gold pieces.

Inventory:

Hand Weapons
 b - a +0 dagger of protection (weapon)
 k - a +0 dagger of draining
Armour
 a - a +0 robe (worn)
Jewellery
 d - an amulet of the acrobat (around neck)
 j - a +4 ring of protection (left hand)
Wands
 l - a wand of flame (17)
Scrolls
 e - a scroll of enchant armour {unknown}
 g - 4 scrolls of identify {unknown}
 h - a scroll of fog {unknown}
 i - 3 scrolls of acquirement {unknown}
 m - a scroll of vulnerability {unknown}
 o - 2 scrolls of amnesia {unknown}
 p - a scroll of blinking {unknown}
Potions
 f - a potion of flight {unknown}
 q - a potion of lignification {unknown}


   Skills:
 + Level 3.9 Fighting
 - Level 1.8 Dodging
 - Level 1.4 Stealth
 - Level 4.3 Spellcasting
 + Level 1.7 Conjurations
 + Level 3.1 Fire Magic


You had 5 spell levels left.
You knew the following spells:

 Your Spells              Type           Power      Damage    Failure   Level
a - Foxfire               Conj/Fire      48%        2x1d6     5%          1
b - Scorch                Fire           30%        2d6       6%          2
c - Flame Wave            Conj/Fire      12%        2d6       45%         4

Your spell library contained the following spells:

 Spells                   Type           Power      Damage    Failure   Level
 Freeze                   Ice            12%        1d4       14%         1
 Conjure Flame            Conj/Fire      12%        6-21      16%         3
 Corpse Rot               Necr/Air       6%         N/A       22%         2
 Poisonous Vapours        Pois/Air       6%         N/A       22%         2
 Inner Flame              Hex/Fire       9%         N/A       22%         3
 Frozen Ramparts          Ice            6%         1d2       41%         3
 Hailstorm                Conj/Ice       6%         3d4       69%         4


Dungeon Overview and Level Annotations

Branches:
Dungeon (4/15)
 Temple: D:4-7

Altars:

Shops:
D:4 [

Annotations:
D:3 3 runed translucent doors, Jingleheimer's ghost, amateur DjCj


Innate Abilities, Weirdness & Mutations

You are too large for most types of armour.
You have tough skin. (AC +1)


Message History

The scorpion is almost dead.
You feel sick. The scorpion stings you.
* * * LOW HITPOINT WARNING * * *
The iguana barely misses you.
You puncture the scorpion!
You kill the scorpion!
You feel sick.
Your Fire Magic skill increases to level 3!
You hit the iguana but do no damage.
The iguana is moderately wounded.
You feel sick. The iguana closely misses you.
You barely miss the iguana.
The iguana is moderately wounded.
You feel sick. The iguana bites you.
* * * LOW HITPOINT WARNING * * *
You hit the iguana but do no damage.
The iguana is moderately wounded.
* * * LOW HITPOINT WARNING * * *
You feel sick.
You hit the iguana but do no damage.
The iguana is moderately wounded.
* * * LOW HITPOINT WARNING * * *
You feel sick.
The iguana bites you but does no damage.
You barely miss the iguana.
The iguana is moderately wounded.
* * * LOW HITPOINT WARNING * * *
You feel sick. The iguana bites you.
* * * LOW HITPOINT WARNING * * *
You hit the iguana.
The iguana is heavily wounded.
* * * LOW HITPOINT WARNING * * *
You feel sick.
The iguana bites you but does no damage.
You are too berserk!
You hit the iguana.
The iguana is heavily wounded.
You hit the iguana.
The iguana is heavily wounded.
You die...

#.###......##.#
#.# ######[##.#
#.# #.##.# #.#
#.##.# #.#
#.##.#########
#.#
#.#..........#
#.#
#....#######.#
#.# ###l## #.#
#.# #@# #.#
#.##########.#
#.#######
#............#
#........
##############
#########


You could see an iguana.

Vanquished Creatures
  A scorpion (D:3)
  Jessica (D:3)
  3 adders
  A dart slug (D:1)
  5 orcs (D:4)
  7 bats
  6 endoplasms
  2 giant cockroaches (D:2)
  2 hobgoblins (D:3)
  4 jackals (D:4)
  A quokka (D:2)
  6 ball pythons
  2 frilled lizards
  9 goblins
  7 kobolds
  7 rats
64 creatures vanquished.

Vanquished Creatures (others)
  102 foxfires
102 creatures vanquished.

Grand Total: 166 creatures vanquished

Notes
Turn   | Place    | Note
-------+----------+-------------------------------------------
     0 | D:1      | jjjjhere the Ogre Fire Elementalist began the quest for the
                  | Orb.
     0 | D:1      | Reached XP level 1. HP: 16/16 MP: 3/3
   105 | D:1      | Reached skill level 1 in Conjurations
   210 | D:1      | Reached XP level 2. HP: 24/24 MP: 0/5
   268 | D:1      | Reached skill level 3 in Spellcasting
  1063 | D:1      | Reached skill level 1 in Fighting
  1132 | D:1      | Reached XP level 3. HP: 32/33 MP: 5/7
  2253 | D:2      | Reached skill level 4 in Spellcasting
  2253 | D:2      | Reached XP level 4. HP: 34/44 MP: 7/10
  2757 | D:3      | Noticed Jessica
  2765 | D:3      | Killed Jessica
  2865 | D:3      | Learned a level 2 spell: Scorch
  2870 | D:3      | Learned a level 4 spell: Flame Wave
  3235 | D:3      | Found a runed translucent gate.
  3235 | D:3      | Found a runed translucent gate.
  3235 | D:3      | Found a runed translucent gate.
  3241 | D:3      | Noticed Jingleheimer's ghost (amateur DjCj)
  3758 | D:4      | Found Oreleh's Antique Armour Emporium.
  3762 | D:4      | Reached XP level 5. HP: 53/53 MP: 6/11
  3806 | D:3      | HP: 17/53 [poisoned by a scorpion]
  3811 | D:3      | HP: 18/79 [poisoned by a scorpion]
  3814 | D:3      | HP: 5/81 [iguana (5)]
  3817 | D:3      | HP: 2/81 [iguana (1)]
  3820 | D:3      | Succumbed to a scorpion's poison

Illustrated notes

Levels and vault maps discovered:
D:1:      dpeg_arrival_three_same_balls, layout_loops_corners
D:2:      layout_loops_corners, serial_forest, infiniplex_forest_clump_long,
          infiniplex_forest_end_1, infiniplex_forest_lined_1,
          infiniplex_forest_lined_4_way, infiniplex_forest_lined_corner,
          infiniplex_forest_lined_2, infiniplex_forest_end_1
D:3:      layout_loops_ring, ebering_ghost_rock_garden, uniq_jessica
D:4:      layout_rooms, mainiacjoe_overflow_six_doors_small, tgw_sif,
          serial_shops, nicolae_shop_competitors_out_of_business,
          palyth_stone_intersect

Skill      XL: |  1  2  3  4  5 |
---------------+----------------+-----
Conjurations   | 1 |  1.7
Spellcasting   | 3 4 |  4.3
Fighting       | 1 2 3 |  3.9
Fire Magic     | 3 |  3.1
Dodging        | |  1.8
Stealth        | |  1.4

Action                   |  1- 3 |  4- 6 || total
-------------------------+-------+-------++-------
Melee: Dagger            |    73 |    34 ||   107
       Punch             |       |     1 ||     1
 Cast: Foxfire           |    44 |    22 ||    66
       Scorch            |       |    14 ||    14
Evoke: Wand              |       |     4 ||     4
  Use: Potion            |       |     2 ||     2
 Stab: Sleeping          |     3 |       ||     3
Armor: Robe              |    72 |    23 ||    95
Dodge: Dodged            |    89 |    43 ||   132
